 Dungeon Crawl Stone Soup version 0.27-a0-1036-g8e1b44f6bd (webtiles) character file.

Game seed: 4934614122063708750

377 voltaire321 the Stinger (level 6, -2/39 HPs)
             Began as an Octopode Venom Mage on Apr 18, 2021.
             Slain by a phantom (9 damage)
             ... on level 4 of the Dungeon.
             The game lasted 00:17:41 (4720 turns).

voltaire321 the Stinger (Octopode Venom Mage)       Turns: 4720, Time: 00:17:41

Health: -2/39      AC:  1    Str:  7    XL:     6   Next: 73%
Magic:  10/10      EV: 13    Int: 20    God:
Gold:   125        SH:  0    Dex: 12    Spells: 4/10 levels left

rFire    + . .     SeeInvis .   s - +0 rapier
rCold    . . .     Faith    .   (no shield)
rNeg     . . .     Spirit   .   (helmet restricted)
rPois    .         Reflect  .   (no amulet)
rElec    .         Harm     .   a - ring of protection from fire
rCorr    .         Rampage  .   (no ring)
Will     .....                  (no ring)
Stlth    +++.......             (no ring)
HPRegen  0.13/turn              (no ring)
MPRegen  0.12/turn              (no ring)
                                (no ring)
                                (no ring)

@: no status effects
A: almost no armour, amphibious, 8 rings, camouflage 1, gelatinous body 1,
(nimble swimmer 1), tentacles, tentacle spike 1, evolution 1
a: no special abilities


You were on level 4 of the Dungeon.
You visited 1 branch of the dungeon, and saw 4 of its levels.

You collected 192 gold pieces.
You spent 67 gold pieces at shops.

Inventory:

Hand Weapons
 s - a +0 rapier (weapon)
Missiles
 p - 3 atropa-tipped darts
Armour
 j - a +0 buckler
Magical Staves
 d - a staff of fire
Jewellery
 a - a ring of protection from fire (left tentacle)
Wands
 r - a wand of charming (7)
Scrolls
 c - 2 scrolls of magic mapping
 e - a scroll of acquirement {unknown}
 h - a scroll of fear
 i - 6 scrolls of identify
 m - a scroll of noise {unknown}
 n - a scroll of summoning {unknown}
 o - 2 scrolls of amnesia {unknown}
 q - a scroll of teleportation {unknown}
 t - a scroll of silence {unknown}
Potions
 b - a potion of flight {unknown}
 f - 2 potions of heal wounds
 g - 2 potions of mutation
 k - a potion of curing {unknown}
 l - 2 potions of might {unknown}


   Skills:
 + Level 2.0 Fighting
 + Level 3.0 Dodging
 + Level 4.2 Stealth
 + Level 1.5 Shields
 + Level 2.9 Spellcasting
 + Level 2.4 Transmutations
 + Level 1.2 Fire Magic
 + Level 1.6 Air Magic
 + Level 4.6 Poison Magic


You had 4 spell levels left.
You knew the following spells:

 Your Spells              Type           Power      Damage    Failure   Level
a - Sting                 Tmut/Pois      68%        1d6       3%          1
b - Poisonous Vapours     Pois/Air       30%        N/A       6%          2
c - Ignite Poison         Fire/Tmut/Pois 14%        N/A       14%         3

Your spell library contained the following spells:

 Spells                   Type           Power      Damage    Failure   Level
 Mephitic Cloud           Conj/Pois/Air  11%        N/A       19%         3
 Olgreb's Toxic Radiance  Pois           21%        N/A       22%         4


Dungeon Overview and Level Annotations

Branches:
Dungeon (4/15)
 Temple: D:4-7

Altars:

Shops:
D:2 [


Innate Abilities, Weirdness & Mutations

You cannot wear most types of armour.
You are amphibious.
You can wear up to eight rings at the same time.
Your skin changes colour to match your surroundings (Stealth+).
Your rubbery body absorbs attacks. (AC +1, EV +1)
((You are camouflaged near water. (Stealth+)))
You have tentacles for arms and can constrict up to eight enemies at once.
One of your tentacles bears a spike.
You evolve.


Message History

You blink.
Found a scale mail. 2 gnolls come into view.
You hit the phantom but do no damage.
Your tentacle spike misses the phantom.
The phantom is heavily damaged.
The phantom closely misses you.
You barely miss the phantom.
The phantom is heavily damaged.
The gnoll shouts!
The phantom hits you.
The phantom blinks!
You blink.
You hit the phantom but do no damage.
The phantom is heavily damaged.
The phantom closely misses you.
You barely miss the phantom.
The phantom is heavily damaged.
The phantom barely misses you.
You hit the phantom.
Your tentacle spike misses the phantom.
The phantom is heavily damaged.
The phantom hits you! The phantom hits you.
You barely miss the phantom.
The phantom is heavily damaged.
The phantom misses you.
You hit the phantom.
The phantom is severely damaged.
The phantom barely misses you.
You closely miss the phantom.
The phantom is severely damaged.
The phantom closely misses you.
You hit the phantom but do no damage.
The phantom is severely damaged.
The phantom hits you!
* * * LOW HITPOINT WARNING * * *
You closely miss the phantom.
The phantom is severely damaged.
The phantom hits you but does no damage.
The phantom misses you.
You barely miss the phantom.
You pierce the phantom.
The phantom is severely damaged.
The phantom hits you!
You die...

#.# *, ##.# *,
#..# *, #.## *,
######.#### **
#.........#*******
#.####.##......,,,
#.# #.#,,.####***
#@# #..*,*.#* #W#
#..,,,,.# #g#
##.*,*,,#****
#g######g.,*,,,,,,
#.......[.********
#########g*
*,********
*,,,,,,,,*
********,*


You could see a phantom and 2 gnolls.

Vanquished Creatures
  Eustachio (D:4)
  A hound (D:4)
  An orc priest (D:3)
  An orc wizard (D:3)
  5 adders
  2 shadow imps (D:3)
  4 worms
  4 dart slugs
  6 orcs
  10 ball pythons
  3 endoplasms
  6 goblins
  9 hobgoblins
  5 jackals
  3 quokkas
  4 bats
  4 frilled lizards
  3 kobolds
  4 rats
76 creatures vanquished.

Notes
Turn   | Place    | Note
-------+----------+-------------------------------------------
     0 | D:1      | voltaire321 the Octopode Venom Mage began the quest for the
                  | Orb.
     0 | D:1      | Reached XP level 1. HP: 11/11 MP: 3/3
   427 | D:1      | Reached XP level 2. HP: 16/17 MP: 1/5
   473 | D:1      | Learned a level 2 spell: Poisonous Vapours
   788 | D:1      | Reached XP level 3. HP: 6/22 MP: 4/6
  1437 | D:2      | Found Tofram's Antique Armour Boutique.
  1476 | D:2      | Bought a buckler for 67 gold pieces
  2220 | D:2      | Reached skill level 1 in Fighting
  2220 | D:2      | Reached XP level 4. HP: 28/28 MP: 4/7
  2412 | D:2      | Noticed a phantom
  2677 | D:3      | Found a transporter.
  2690 | D:3      | Noticed an ice beast
  2738 | D:3      | Found a transporter.
  3066 | D:3      | Gained mutation: You evolve. [potion of mutation]
  3066 | D:3      | Gained mutation: One of your tentacles bears a spike.
                  | [potion of mutation]
  3073 | D:3      | Reached skill level 1 in Air Magic
  3381 | D:3      | Reached XP level 5. HP: 21/33 MP: 6/8
  3397 | D:3      | Learned a level 3 spell: Ignite Poison
  3843 | D:3      | Reached skill level 1 in Shields
  4312 | D:4      | Noticed Eustachio
  4331 | D:4      | Killed Eustachio
  4332 | D:4      | Reached skill level 1 in Fire Magic
  4332 | D:4      | Reached XP level 6. HP: 23/39 MP: 4/10
  4720 | D:4      | Slain by a phantom

Illustrated notes

Levels and vault maps discovered:
D:1:      saegor_arrival_simple_d, layout_basic, due_unseen_surprise
D:2:      layout_basic, serial_shops, shop_coins, kennysheep_generic_room_9
D:3:      gammafunk_wand_slinger, layout_loops_ring, cheibrodos_sewer_entry_bend
D:4:      kennysheep_big_flooded_room, layout_loops_ring, grunt_ministairs_6,
          uniq_eustachio

Skill      XL: |  1  2  3  4  5  6 |
---------------+-------------------+-----
Poison Magic   | 4 |  4.6
Stealth        | 3 4 |  4.2
Fighting       | 1 2 |  2.0
Air Magic      | 1 |  1.6
Transmutations | 2 |  2.4
Shields        | 1 |  1.5
Dodging        | 3 |  3.0
Fire Magic     | 1 |  1.2
Spellcasting   | |  2.9

Action                   |  1- 3 |  4- 6 || total
-------------------------+-------+-------++-------
Melee: Unarmed           |     5 |       ||     5
       Constrict         |    14 |    17 ||    31
       Tentacles         |     9 |    15 ||    24
       Dagger            |    50 |    69 ||   119
       Kick              |       |    17 ||    17
       Rapier            |       |    29 ||    29
 Cast: Sting             |    43 |    29 ||    72
  Use: Potion            |       |     1 ||     1
       Scroll            |       |     3 ||     3
 Stab: Sleeping          |     4 |     8 ||    12
Armor: Skin              |     4 |     6 ||    10
Dodge: Dodged            |    37 |    73 ||   110

Table legend: (Time is in decaauts)
 A = Elapsed time spent in this place.
 B = Non-inter-level travel time spent in this place.
 C = Inter-level travel time spent in this place.
 D = Time resting spent in this place.
 E = Time spent auto-exploring this place.
 F = Levels seen in this place.
 G = Mean time per level.
                   A        B        C        D        E       F      G
               +--------+--------+--------+--------+--------+-----+--------+
         Total |   4726 |   4452 |    274 |   1783 |   1405 |   4 | 1181.5 |
       Dungeon |   4726 |   4452 |    274 |   1783 |   1405 |   4 | 1181.5 |
               +--------+--------+--------+--------+--------+-----+--------+

Top non-repeatable levels by time:
     D:3: 1483 daAuts
     D:2: 1461 daAuts
     D:1: 1358 daAuts
     D:4: 422 daAuts
